Map: King Sejong Station LE

Players

Kelazhur - Winner!

  • Race: Terran Terran
  • League: Master
  • Spawn Location: 11:00

ByRada

  • Race: Zerg Zerg
  • League: Grandmaster
  • Spawn Location: 5:00

Event: Copa América 2016 Grand Finals

VOD

Have the link to the VOD?

Description

Time

  • Played on: Oct. 14, 2016, 3:41 p.m.
  • Length: 8:54

All games in this series

Show
View Real Time Build Order
Export as new Build Order

Kelazhur Terran - Winner!

Build Orders: Reaper Expand, MMM Bio 

Get SALT Encoding   

  12  0:00  SCV  
  13  0:13  SCV  
  14  0:17  Supply Depot  
  14  0:25  SCV  
  15  0:38  SCV  
  15  0:39  Barracks  
  16  0:43  Refinery  
  16  0:50  SCV  
  17  1:02  SCV  
  18  1:15  SCV  
  19  1:26  Reaper  
  19  1:27  Orbital Command  
  20  1:39  Command Center  
  20  1:51  Barracks  
  20  1:53  SCV  
  21  1:59  Barracks Reactor  
  21  2:04  Supply Depot  
  21  2:07  SCV  
  22  2:11  Refinery  
  22  2:19  SCV  
  23  2:23  Factory  
  23  2:30  Bunker  
  23  2:35  Marine  
  23  2:36  Marine  
  24  2:38  SCV  
  25  2:48  Barracks Tech Lab  
  25  2:53  Marine, SCV  
  25  2:54  Marine  
  28  3:05  SCV  
  29  3:09  Factory Tech Lab  
  29  3:13  Marine x2  
  32  3:20  SCV  
  32  3:23  Siege Tank  
  34  3:28  Marine  
  34  3:32  Marine, SCV  
  38  3:36  Marine  
  38  3:39  Supply Depot  
  38  3:46  Supply Depot  
  38  4:00  Marine  
  38  4:05  Orbital Command  
  38  4:07  SCV  
  40  4:14  Supply Depot  
  39  4:20  SCV  
  40  4:24  Marine x2  
  40  4:26  Siege Tank  
  45  4:43  Barracks Tech Lab  
  45  4:44  Starport  
  45  4:45  SCV x2  
  46  4:51  Barracks Reactor  
  47  4:59  Siege Tank  
  50  5:06  SCV  
  51  5:07  Marine  
  51  5:08  Stimpack  
  51  5:09  Supply Depot  
  52  5:22  Orbital Command  
  52  5:31  Medivac  
  52  5:34  SCV  
  55  5:40  Marine x3, Supply Depot  
  58  5:46  Siege Tank  
  58  5:47  SCV  
  62  5:59  Supply Depot  
  62  6:02  SCV x2  
  62  6:03  Starport Reactor  
  62  6:04  Marine x2  
  66  6:14  SCV x2  
  66  6:18  Marine  
  69  6:21  Marine x2  
  71  6:26  SCV x2  
  71  6:30  Supply Depot  
  71  6:31  Refinery  
  73  6:38  SCV  
  73  6:39  Medivac x2  
  78  6:45  Marine x3  
  81  6:49  Command Center  
  81  6:51  SCV  
  82  6:55  Supply Depot  
  82  6:59  SCV  
  83  7:03  Marine x3  
  83  7:07  Supply Depot  
  86  7:08  Engineering Bay  
  86  7:09  Combat Shields, Engineering Bay  
  86  7:13  SCV  
  87  7:19  SCV  
  87  7:22  Supply Depot  
  88  7:23  Marine x3  
  88  7:27  Refinery, SCV  
  88  7:28  Medivac x2  
  96  7:31  SCV  
  96  7:49  SCV  
  97  7:54  Marine  
  97  7:55  Marine x2  
  97  7:56  SCV  
  99  8:11  Widow Mine  
  99  8:12  Medivac x2  
  103  8:14  Barracks x2  
  103  8:15  Barracks  
  103  8:19  SCV  
  99  8:20  Marine x3  
Show
View Real Time Build Order
Export as new Build Order

ByRada Zerg 

Build Orders: Pool First, Ravager All-In 

Get SALT Encoding   

  12  0:02  Drone  
  13  0:08  Drone  
  14  0:17  Overlord  
  14  0:22  Extractor, Drone  
  15  0:35  Drone x2  
  17  0:43  Extractor  
  17  0:47  Spawning Pool  
  15  0:51  Drone  
  15  0:55  Drone  
  17  1:18  Hatchery  
  16  1:34  Zergling x6  
  19  1:41  Queen  
  21  1:57  Roach Warren  
  21  1:59  Drone  
  21  2:06  Overlord  
  21  2:40  Extractor  
  21  2:41  Roach  
  21  2:42  Roach  
  23  3:00  Roach  
  23  3:05  Ravager x2  
  25  3:07  Roach  
  27  3:22  Ravager  
  28  3:30  Ravager  
  28  3:32  Overlord  
  29  3:36  Roach  
  29  3:38  Drone  
  32  3:50  Roach x2  
  36  3:58  Ravager  
  37  4:05  Drone x3  
  37  4:06  Drone x4  
  44  4:23  Overlord  
  44  4:39  Hatchery  
  44  4:44  Lair  
  43  4:51  Drone  
  44  4:55  Overlord  
  44  4:59  Spore Crawler  
  43  5:08  Drone  
  43  5:13  Drone  
  43  5:14  Drone x2  
  47  5:21  Drone  
  48  5:22  Drone  
  48  5:23  Drone x3  
  52  5:34  Overlord  
  52  5:42  Glial Reconstitution  
  52  5:51  Drone x2  
  52  5:52  Drone  
  55  6:05  Overlord  
  55  6:14  Drone x5  
  55  6:15  Drone  
  60  6:18  Burrow  
  60  6:24  Queen  
  62  6:30  Extractor  
  61  6:36  Roach x3  
  67  6:42  Overlord x2  
  67  6:51  Overlord  
  67  7:02  Roach  
  67  7:03  Roach x4  
  67  7:05  Tunneling Claws  
  77  7:10  Roach  
  77  7:11  Roach  
  81  7:24  Roach x3  
  87  7:33  Overlord  
  87  7:34  Overlord  
  87  7:37  Roach x2  
  91  7:54  Roach x4  
  91  7:55  Roach x4  
  101  8:04  Roach  
  99  8:06  Roach  
  99  8:07  Roach x2  
Tags
 
Add a new tag
Caveats
  • Supply blocks, unpowered buildings, or Contaminate may cause inaccurate times.
  • Supply counts are checked every 10 seconds.